 Dungeon Crawl Stone Soup version 0.19-a0-1568-gdd01aac (webtiles) character file.

50614 Amnesiac the Fighter (level 14, -2/101 HPs)
             Began as a Deep Elf Earth Elementalist on Sept 16, 2016.
             Was the Champion of Ashenzari.
             Slain by a deep troll (17 damage)
             ... on level 1 of the Depths.
             The game lasted 01:11:47 (19824 turns).

Amnesiac the Fighter (Deep Elf Earth Elementalist) Turns: 19824, Time: 01:11:48

Health: -2/101     AC: 13    Str:  3    XL:     14   Next: 20%
Magic:  6/41       EV: 24    Int: 21    God:    Ashenzari [******]
Gold:   1013       SH:  9    Dex: 20    Spells: 5 memorised, 17 levels left

rFire  . . .     SeeInvis +     k - +1 dagger (elec)
rCold  + . .     Gourm    .     P - +1 robe {rC+}
rNeg   . . .     Faith    .     I - +3 buckler (curse)
rPois  .         Spirit   .     w - +2 hat (curse)
rElec  .         Dismiss  .     Y - +0 cloak (curse)
rCorr  .         Reflect  .     u - +2 pair of gloves (curse)
MR     +....     Harm     .     a - +2 pair of boots (curse)
Stlth  ++++++.... Clarity  +    A - amulet of magic regeneration (curse)
                                F - +2 ring of evasion (curse)
                                x - ring of magical power (curse)

@: about to teleport
A: slimy green scales 1, thin skeletal structure 1, deformed body, dopey 1,
mutation resistance 1, robust 1, weak 1
a: Curse Item, Scrying, Transfer Knowledge, Renounce Religion


You were on level 1 of the Depths.
You worshipped Ashenzari.
Ashenzari was exalted by your worship.
You were very hungry.

You visited 3 branches of the dungeon, and saw 17 of its levels.

You collected 1013 gold pieces.

Inventory:

Hand Weapons
 k - a +1 dagger of electrocution (weapon)
 m - a +0 blowgun
 t - a +2 double sword
Missiles
 b - 335 stones (quivered)
 f - 5 throwing nets
 l - 99 poisoned needles
Armour
 a - a cursed +2 pair of boots (worn)
 q - a mottled dragon hide
 u - a cursed +2 pair of gloves (worn)
 w - a cursed +2 hat (worn)
 I - a cursed +3 buckler (worn)
 P - a +1 robe of cold resistance (worn)
 Y - a cursed +0 cloak (worn)
Jewellery
 h - an uncursed ring of protection from cold
 r - an uncursed ring of ice
 v - an uncursed amulet of guardian spirit
 x - a cursed ring of magical power (left hand)
 A - a cursed amulet of magic regeneration (around neck)
 F - a cursed +2 ring of evasion (right hand)
 K - a +5 ring of strength
 N - an uncursed ring of protection from cold
 Q - an uncursed ring of ice
Wands
 B - a wand of lightning (11/15)
Scrolls
 c - 3 scrolls of amnesia
 g - a scroll of remove curse
 i - a scroll of enchant armour
 y - 4 scrolls of identify
 z - 3 scrolls of recharging
 C - 2 scrolls of fog
 L - 2 scrolls of teleportation
 M - a scroll of magic mapping
 S - a scroll of enchant weapon
 W - a scroll of brand weapon
Potions
 n - 4 potions of curing
 p - a potion of ambrosia
 s - 5 potions of magic
 D - a potion of brilliance
 O - 3 potions of might
 R - 3 potions of flight
 Z - a potion of cancellation
Books
 e - a book of Geomancy

   Spells                             Type                      Level
   a - Sandblast                      Earth                        1
   b - Passwall                       Transmutation/Earth          2
   c - Stone Arrow                    Conjuration/Earth            3
   d - Petrify                        Transmutation/Earth          4
   e - Lee's Rapid Deconstruction     Earth                        5
 j - a book of Annihilations

   Spells                             Type                      Level
   a - Poison Arrow                   Conjuration/Poison           6
   b - Chain Lightning                Conjuration/Air              8
   c - Lehudib's Crystal Spear        Conjuration/Earth            8
   d - Glaciate                       Conjuration/Ice              9
   e - Fire Storm                     Conjuration/Fire             9
 E - a book of Power

   Spells                             Type                      Level
   a - Fulminant Prism                Conjuration/Hexes            4
   b - Iskenderun's Mystic Blast      Conjuration                  4
   c - Venom Bolt                     Conjuration/Poison           5
   d - Bolt of Magma                  Conjuration/Fire/Earth       5
   e - Iron Shot                      Conjuration/Earth            6
   f - Orb of Destruction             Conjuration                  7
   g - Spellforged Servitor           Conjuration/Summoning        7
 J - a book of Ice

   Spells                             Type                      Level
   a - Ice Form                       Ice/Transmutation            4
   b - Metabolic Englaciation         Hexes/Ice                    5
   c - Ozocubu's Refrigeration        Ice                          6
   d - Bolt of Cold                   Conjuration/Ice              6
   e - Freezing Cloud                 Conjuration/Ice/Air          6
   f - Simulacrum                     Ice/Necromancy               6
 U - a Young Poisoner's Handbook

   Spells                             Type                      Level
   a - Sting                          Conjuration/Poison           1
   b - Mephitic Cloud                 Conjuration/Poison/Air       3
   c - Olgreb's Toxic Radiance        Poison                       4
   d - Alistair's Intoxication        Transmutation/Poison         5
   e - Venom Bolt                     Conjuration/Poison           5
 X - a book of Frost

   Spells                             Type                      Level
   a - Freeze                         Ice                          1
   b - Throw Frost                    Conjuration/Ice              2
   c - Ozocubu's Armour               Charms/Ice                   3
   d - Throw Icicle                   Conjuration/Ice              4
   e - Summon Ice Beast               Ice/Summoning                4
Comestibles
 d - 13 bread rations
 o - 12 meat rations
 G - 8 fruits
 V - 2 beef jerkies


   Skills:
 - Level 12.0 Fighting
 - Level 10.0 Short Blades
 - Level 8.9(11.8) Dodging
 - Level 11.0(13.7) Stealth
 - Level 2.5(5.0) Shields
 - Level 12.0 Spellcasting
 - Level 9.1(13.4) Transmutations
 + Level 8.9(13.3) Earth Magic


You had 17 spell levels left.
You knew the following spells:

 Your Spells              Type           Power        Failure   Level  Hunger
a - Lehudib's Crystal Sp  Conj/Erth      #####.....   100%        8    #######
e - Petrify               Tmut/Erth      ######..     1%          4    None
f - Lee's Rapid Deconstr  Erth           ######....   1%          5    ####...
v - Passwall              Tmut/Erth      ######....   1%          2    None
z - Sandblast             Erth           ######       1%          1    None


Dungeon Overview and Level Annotations

Branches:
Dungeon (15/15)            Temple (1/1) D:6            Lair (0/6) D:10
    Orc (0/2) D:11         Vaults (0/5) D:13         Depths (1/5) D:15

Altars:
Ashenzari
Cheibriados
Dithmenos
Elyvilon
Fedhas
Gozag
Hepliaklqana
Kikubaaqudgha
Makhleb
Nemelex Xobeh
Okawaru
Qazlal
Ru
Sif Muna
Trog
Uskayaw
Vehumet
Xom
Yredelemnul
Zin
The Shining One

Annotations:
Depths:1 exclusion: tengu warrior, Asterion


Innate Abilities, Weirdness & Mutations

You are partially covered in slimy green scales. (AC +2)
You have a somewhat thin skeletal structure. (Dex +2, Stealth)
Armour fits poorly on your strangely shaped body.
You are dopey. (Int -2)
You are somewhat resistant to further mutation.
You are robust. (+10% HP)
You are weak. (Str -2)


Message History

Unknown command.
Casting: Lee's Rapid Deconstruction
Confirm with . or Enter, or press ? or * to list all spells.
Aiming: Lee's Rapid Deconstruction
Press: ? - help, Dir - move target cursor, f/p - deep troll Fragment what (e.g. wall or brittle monster)?: a deep troll (moderately wounded, fast, petrified)
Okay, then.
You feel better. The deep troll closely misses you.
The deep troll claws you but does no damage.
The deep troll misses you.
Casting: Lee's Rapid Deconstruction
Confirm with . or Enter, or press ? or * to list all spells.
Aiming: Lee's Rapid Deconstruction
Press: ? - help, Dir - move target cursor, f/p - deep troll Fragment what (e.g. wall or brittle monster)?: a deep troll (moderately wounded, fast, petrified)
Okay, then.
As you read the scroll of teleportation, it crumbles to dust.
You feel strangely unstable. You block the deep troll's attack. x2
The deep troll claws you!
You die...

, , ,,,
,##.......≈≈.......##{ ,,
,,,,**
,#........≈≈........#{ ,,
* #.......≈≈≈≈T......#{ ,
,,
**,#......≈♣≈≈♣≈......#.*
,,* * , *
,+..≈≈≈Q≈≈≈≈≈≈≈≈≈≈..Q.* ..
, *, *
+..≈≈≈≈≈≈≈≈≈≈≈≈≈≈..'. [
*,, *
#......≈♣≈≈♣≈....?.#**
###,,*
**#.......≈≈≈≈.......# ..#
*..#....@T..≈≈........#
...* *
*#.##...T...≈≈.......##
#.###*
###..##....T.≈≈......##
.....,
......##...T.≈≈.....##
..##*
,.#..(..##..........##
...#
,...u(....##........##
#..##...#.#.....####''####
....#.................#
...%.....#.#..#########


You could see an iron troll, a tengu warrior, 3 deep trolls and a deep troll
earth mage.

Vanquished Creatures
  A fire giant (Depths:1)
  A frost giant (Depths:1)
  A very ugly thing (Depths:1)
  Azrael (D:15)
  A dire elephant (D:15)
  Fannar (D:10)
  2 slime creatures (D:13)
  An ice dragon (Depths:1)
  3 hydras
  A death knight (D:14)
  An ogre mage (D:15)
  A centaur warrior (D:14)
  2 tengu warriors
  A deep troll shaman (Depths:1)
  Urug (D:15)
  4 skeletal warriors (D:13)
  4 unseen horrors
  A giant orange brain (Depths:1)
  A deep troll (shapeshifter) (D:13)
  4 hill giants
  2 phantasmal warriors (D:15)
  Pikel (D:9)
  A wolf spider zombie (D:14)
  An orb spider (Depths:1)
  A griffon (D:10)
  A deep elf mage (D:15)
  A manticore (D:15)
  2 cyclopes
  11 ugly things
  A wolf spider (D:15)
  3 centaur zombies
  Joseph (D:7)
  3 gargoyles
  A yaktaur (shapeshifter) (D:13)
  A freezing wraith (D:14)
  An efreet (D:14)
  A komodo dragon (shapeshifter) (D:13)
  A komodo dragon (D:15)
  A tengu conjurer (D:14)
  A merfolk (D:15)
  3 trolls
  6 two-headed ogres
  4 boulder beetles (Depths:1)
  A redback (Depths:1)
  2 shadows
  A vampire (D:13)
  A spriggan (D:7)
  Eustachio (D:5)
  A wraith (D:14)
  9 yaks
  A wyvern (D:13)
  A basilisk (D:13)
  2 fire elementals (D:15)
  4 hippogriffs
  Grum (D:9)
  A hungry ghost (D:14)
  8 vampire mosquitoes
  3 mottled dragons
  A soldier ant (shapeshifter) (D:13)
  4 hell hounds (D:15)
  A water moccasin (D:9)
  2 sky beasts
  3 black bears
  5 orc warriors
  7 ice beasts
  An ice beast (shapeshifter) (D:15)
  A necrophage (D:10)
  A slave (D:9)
  12 ogres
  6 phantoms
  2 wasps
  2 wolves (D:9)
  A boggart (Depths:1)
  6 centaurs
  5 big kobolds
  7 bullfrogs
  2 wyvern skeletons
  2 scorpions
  8 killer bees
  2 howler monkeys
  An electric eel (D:15)
  The ghost of Amnesiac the Digger, a weakling DEEE of Ashenzari (D:4)
  6 crimson imps
  A quasit (D:8)
  A bullfrog skeleton (D:9)
  4 jellies
  6 orc priests
  12 hounds
  11 orc wizards
  4 centaur skeletons
  Terence (D:3)
  Jessica (D:3)
  3 iguanas
  7 worker ants
  A hound skeleton (D:5)
  A howler monkey zombie (D:8)
  A worker ant zombie (D:11)
  6 gnolls
  13 adders
  6 shadow imps
  An adder zombie (D:8)
  2 adder skeletons (D:5)
  2 worms
  2 dart slugs (D:1)
  6 leopard geckos
  46 orcs
  6 giant cockroaches
  7 hobgoblins
  7 quokkas
  6 bats
  3 frilled lizards
  12 goblins
  A jackal skeleton (D:7)
  32 kobolds
  A leopard gecko skeleton (D:5)
  3 rats
424 creatures vanquished.

Vanquished Creatures (others)
  2 slaves (D:9)
  A kobold (D:9)
  6 plants (Depths:1)
9 creatures vanquished.

Grand Total: 433 creatures vanquished

Notes
Turn   | Place    | Note
-------+----------+-------------------------------------------
     0 | D:1      | Amnesiac the Deep Elf Earth Elementalist began the quest for the Orb.
     0 | D:1      | Reached XP level 1. HP: 10/10 MP: 6/6
   144 | D:2      | Reached XP level 2. HP: 15/15 MP: 6/8
   150 | D:2      | Learned a level 2 spell: Passwall
   282 | D:4      | Noticed Amnesiac's ghost (weakling DEEE)
   289 | D:4      | Killed Amnesiac's ghost
   289 | D:4      | Reached XP level 3. HP: 4/19 MP: 4/9
   623 | D:4      | Reached XP level 4. HP: 24/24 MP: 6/10
   762 | D:4      | Reached XP level 5. HP: 11/28 MP: 2/11
   899 | D:4      | Found a sparkling altar of Nemelex Xobeh.
  1149 | D:5      | Entered Level 5 of the Dungeon
  1164 | D:5      | Reached skill level 5 in Transmutations
  1196 | D:5      | Noticed an ogre
  1204 | D:5      | Learned a level 4 spell: Petrify
  1226 | D:5      | Killed an ogre
  1440 | D:5      | Found a radiant altar of Vehumet.
  1448 | D:5      | Reached XP level 6. HP: 32/32 MP: 7/12
  1598 | D:5      | Reached skill level 1 in Short Blades
  2036 | D:5      | Reached XP level 7. HP: 35/36 MP: 0/13
  2170 | D:5      | Learned a level 5 spell: Lee's Rapid Deconstruction
  2180 | D:5      | Reached skill level 5 in Earth Magic
  2252 | D:5      | Noticed Eustachio
  2262 | D:5      | Killed Eustachio
  2327 | D:5      | Found a snail-covered altar of Cheibriados.
  2562 | D:6      | Found a basalt altar of Yredelemnul.
  2632 | D:6      | Reached XP level 8. HP: 41/41 MP: 8/14
  2749 | D:6      | Found a staircase to the Ecumenical Temple.
  2759 | D:6      | Found a glowing golden altar of the Shining One.
  2774 | Temple   | Entered the Ecumenical Temple
  2974 | Temple   | Became a worshipper of Ashenzari the Shackled
  4390 | D:2      | Reached * piety under Ashenzari
  4698 | D:3      | Noticed Jessica
  4700 | D:3      | Noticed Terence
  4726 | D:3      | Killed Terence
  4726 | D:3      | Killed Jessica
  6403 | D:6      | Found a white marble altar of Elyvilon.
  6789 | D:7      | Reached ** piety under Ashenzari
  6935 | D:7      | Noticed Joseph
  6964 | D:7      | Killed Joseph
  6964 | D:7      | Reached skill level 5 in Stealth
  6964 | D:7      | Reached XP level 9. HP: 23/45 MP: 17/17
  6966 | D:7      | Found a white marble altar of Elyvilon.
  6973 | D:7      | Found a shadowy altar of Dithmenos.
  7607 | D:7      | Reached skill level 5 in Short Blades
  7622 | D:7      | Found an ancient bone altar of Kikubaaqudgha.
  8700 | D:8      | Reached skill level 10 in Stealth
  9091 | D:8      | Reached XP level 10. HP: 50/50 MP: 0/18
  9356 | D:9      | Reached *** piety under Ashenzari
  9664 | D:9      | HP: 2/50 [killer bee (10)]
  9901 | D:9      | Noticed Pikel
  9903 | D:9      | Killed Pikel
 10369 | D:9      | Reached skill level 5 in Dodging
 10730 | D:9      | Noticed Grum
 10803 | D:9      | Killed Grum
 11226 | D:10     | Entered Level 10 of the Dungeon
 11226 | D:10     | Noticed a griffon
 11241 | D:10     | Killed a griffon
 11241 | D:10     | Reached skill level 5 in Spellcasting
 11279 | D:10     | Reached XP level 11. HP: 24/54 MP: 5/21
 11340 | D:10     | Identified the +2 leather armour of Birdsong {-Cast Dex+4 Slay+2}
 11461 | D:10     | Found a staircase to the Lair.
 11555 | D:10     | Noticed Fannar
 11562 | D:10     | Killed Fannar
 11587 | D:10     | Noticed an unseen horror
 11595 | D:10     | Killed an unseen horror
 11700 | D:10     | Reached **** piety under Ashenzari
 11771 | D:10     | Reached skill level 1 in Fighting
 12097 | D:11     | Found a staircase to the Orcish Mines.
 12112 | D:11     | Noticed a hill giant
 12116 | D:11     | Killed a hill giant
 12218 | D:11     | Noticed a red ugly thing
 12218 | D:11     | Killed a red ugly thing
 12367 | D:11     | Noticed an unseen horror
 12385 | D:11     | Killed an unseen horror
 12385 | D:11     | Reached skill level 5 in Fighting
 12722 | D:12     | Noticed an unseen horror
 12734 | D:11     | Killed an unseen horror
 12797 | D:12     | Gained mutation: You have a somewhat thin skeletal structure. (Dex +2, Stealth) [potion of beneficial mutation]
 12798 | D:12     | Gained mutation: You are dopey. (Int -2) [potion of mutation]
 12798 | D:12     | Gained mutation: You are robust. (+10% HP) [potion of mutation]
 12799 | D:12     | Gained mutation: Armour fits poorly on your strangely shaped body. [potion of mutation]
 12799 | D:12     | Lost mutation: You are robust. (+10% HP) [potion of mutation]
 12799 | D:12     | Gained mutation: You have an increased reservoir of magic. (+10% MP) [potion of mutation]
 13415 | D:12     | Noticed a hill giant
 13423 | D:12     | Killed a hill giant
 13605 | D:12     | Reached ***** piety under Ashenzari
 13899 | D:13     | Reached XP level 12. HP: 70/70 MP: 28/28
 14201 | D:13     | Reached skill level 10 in Short Blades
 14254 | D:13     | Gained mutation: You are weak. (Str -2) [potion of mutation]
 14327 | D:13     | Gained mutation: You are robust. (+10% HP) [mutagenic meat]
 14577 | D:13     | Found a gate to the Vaults.
 15074 | D:14     | Noticed a six-headed hydra
 15101 | D:14     | Killed a six-headed hydra
 15321 | D:14     | Gained mutation: You regenerate slowly when monsters are visible. [mutagenic meat]
 15426 | D:14     | Noticed a tengu warrior
 15453 | D:14     | Killed a tengu warrior
 15453 | D:14     | Reached skill level 10 in Fighting
 15453 | D:14     | Reached XP level 13. HP: 75/90 MP: 16/29
 15474 | D:14     | Lost mutation: You are weak. (Str -2) [mutagenic meat]
 15478 | D:14     | Gained mutation: You tend to lose your temper in combat. [mutagenic meat]
 15488 | D:14     | Gained mutation: You are partially covered in slimy green scales. (AC +2) [mutagenic meat]
 15494 | D:14     | Lost mutation: You have an increased reservoir of magic. (+10% MP) [mutagenic meat]
 15704 | D:14     | Found a glowing golden altar of the Shining One.
 16414 | D:15     | Entered Level 15 of the Dungeon
 16500 | D:15     | Noticed Azrael
 16500 | D:15     | Killed Azrael
 16688 | D:15     | Noticed Urug
 16704 | D:15     | Lost mutation: You tend to lose your temper in combat. [mutagenic meat]
 16709 | D:15     | Killed Urug
 16918 | D:15     | Noticed a dire elephant
 17020 | D:15     | Gained mutation: You are weak. (Str -2) [mutagenic meat]
 17023 | D:15     | Lost mutation: You regenerate slowly when monsters are visible. [mutagenic meat]
 17188 | D:15     | Found a staircase to the Depths.
 17305 | D:15     | Reached ****** piety under Ashenzari
 17620 | D:15     | Killed a dire elephant
 17856 | D:15     | Reached skill level 10 in Spellcasting
 17915 | D:15     | Learned a level 8 spell: Lehudib's Crystal Spear
 18894 | Depths:1 | Entered Level 1 of the Depths
 18914 | Depths:1 | Noticed a purple very ugly thing
 18936 | Depths:1 | Noticed a fire giant
 18936 | Depths:1 | Killed a fire giant
 18936 | Depths:1 | Reached XP level 14. HP: 34/101 MP: 28/32
 18952 | Depths:1 | Killed a purple very ugly thing
 18959 | Depths:1 | Gained mutation: You are somewhat resistant to further mutation. [mutagenic meat]
 19283 | Depths:1 | Noticed a purple very ugly thing
 19287 | Depths:1 | Noticed a frost giant
 19318 | Depths:1 | Killed a frost giant
 19369 | Depths:1 | Noticed Asterion
 19459 | Depths:1 | Noticed a cacodemon
 19461 | Depths:1 | Noticed a stone giant
 19821 | Depths:1 | HP: 5/101 [deep troll (24)]
 19824 | Depths:1 | Slain by a deep troll

Vault maps used:
D:1:      lemuel_arrival_rhombus
D:2:      kennysheep_generic_room_16
D:3:      minmay_door_path, first_bread, uniq_jessica, uniq_terence
D:4:      lemuel_doored_altar
D:5:      kennysheep_mini, lemuel_round_altar, uniq_eustachio
D:6:      kennysheep_ying_yang, overflow_temple_1_default
D:7:      old_standard_altar, nicolae_overflow_hidden_temple, basic_altar,
          the_bakery, uniq_joseph
D:8:      minmay_fountain_box
D:9:      bh_walls_and_bars, uniq_grum, uniq_pikel
D:10:     lair_0_dummy, minmay_misc_feat_secret_circle, uniq_fannar
D:11:     orc_0_dummy
D:13:     david_vaults_2
D:14:     tso_altar
D:15:     hangedman_depths_entry_try_elsewhere_first, nicolae_lava_and_water,
          uniq_urug, uniq_azrael
Temple:   nicolae_temple_figure_eight
Depths:1: cheibrodos_birdhouse, kennysheep_cross_room, hangedman_geh_valley,
          serial_bayou_ford_a, hangedman_stitches_earthworm, uniq_asterion,
          uniq_bai_suzhen, uniq_mara

Skill      XL: |  1  2  3  4  5  6  7  8  9 10 11 12 13 14 |
---------------+-------------------------------------------+-----
Earth Magic    | 4 7 8 |  8.9
Transmutations | 2 3 4 6 8 9 |  9.1
Short Blades   | 3 4 6 8 10 | 10.0
Stealth        | 3 5 10 11 | 11.0
Spellcasting   | 4 5 8 12 | 12.0
Shields        | 2 |  2.5
Dodging        | 8 |  8.9
Fighting       | 6 10 12 | 12.0

Action                   |  1- 3 |  4- 6 |  7- 9 | 10-12 | 13-15 || total
-------------------------+-------+-------+-------+-------+-------++-------
Melee: Dagger            |       |    43 |   480 |   435 |   149 ||  1107
 Cast: Sandblast         |    19 |    27 |    38 |    32 |    36 ||   152
       Petrify           |       |     8 |    29 |    75 |    88 ||   200
       Passwall          |       |     1 |    10 |    30 |    12 ||    53
       Lee's Rapid Decon |       |       |    12 |    55 |    41 ||   108
Invok: Curse Item        |       |       |     6 |     3 |       ||     9
  Use: Potion            |       |     1 |       |     8 |     3 ||    12
       Scroll            |       |       |     3 |    25 |     6 ||    34
 Stab: Petrified         |       |    18 |    13 |    24 |    20 ||    75
       Sleeping          |       |     1 |    16 |    32 |    14 ||    63
       Petrifying        |       |     1 |     7 |    40 |    25 ||    73
       Distracted        |       |       |       |     1 |       ||     1
       Invisible         |       |       |       |       |     3 ||     3
  Eat: Chunk             |       |     5 |    33 |    36 |    26 ||   100
       Fruit             |       |       |       |     3 |     6 ||     9
       Bread ration      |       |       |       |     1 |     2 ||     3
       Royal jelly       |       |       |       |       |     1 ||     1
Armor: Robe              |       |     6 |    44 |    18 |    17 ||    85
Dodge: Dodged            |     2 |    29 |   190 |   238 |   148 ||   607
Block: Buckler           |       |       |    81 |   115 |    65 ||   261
